 Dungeon Crawl Stone Soup version 0.28-a0-706-gf6f64a616a (webtiles) character file.

Game seed: 8888784335978639019

60 Sabo the Chopper (level 3, -4/27 HPs)
             Began as a Demonspawn Gladiator on Oct 24, 2021.
             Slain by a gnoll (11 damage)
             ... on level 2 of the Dungeon.
             The game lasted 00:06:16 (1705 turns).

Sabo the Chopper (Demonspawn Gladiator)             Turns: 1705, Time: 00:06:16

Health: -4/27      AC:  6    Str: 15    XL:     3   Next: 80%
Magic:  3/3        EV: 12    Int:  9    God:
Gold:   22         SH:  0    Dex: 14    Spells: 2/2 levels left

rFire   . . .      SeeInvis .   a - +0 war axe
rCold   . . .      Faith    .   (no shield)
rNeg    . . .      Spirit   .   b - +0 leather armour
rPois   .          Reflect  .   c - +0 helmet
rElec   .          Harm     .   (no cloak)
rCorr   .          Rampage  .   (no gloves)
Will    .....                   (no boots)
Stlth   +.........              (no amulet)
HPRegen 0.09/turn               (no ring)
MPRegen 0.08/turn               (no ring)

@: no status effects
A: thin metallic scales 1, spiny 1
a: no special abilities


You were on level 2 of the Dungeon.
You visited 1 branch of the dungeon, and saw 2 of its levels.

You collected 22 gold pieces.

Inventory:

Hand Weapons
 a - a +0 war axe (weapon)
Missiles
 d - 3 throwing nets
 j - 19 poisoned darts (quivered)
 k - 9 sling bullets
Armour
 b - a +0 leather armour (worn)
 c - a +0 helmet (worn)
Scrolls
 e - a scroll of magic mapping
 f - 2 scrolls of teleportation
 g - 2 scrolls of identify
Potions
 h - a potion of curing {unknown}
 i - a potion of lignification {unknown}


   Skills:
 + Level 2.2 Fighting
 + Level 3.6 Axes
 + Level 1.8 Throwing
 + Level 0.5 Armour
 + Level 3.2 Dodging
 + Level 0.2 Stealth


You had 2 spell levels left.
You didn't know any spells.
Your spell library was empty.

Dungeon Overview and Level Annotations

Branches:
Dungeon (2/15)

Altars:
Uskayaw


Innate Abilities, Weirdness & Mutations

You are partially covered in thin metallic scales. (AC +2)
You are partially covered in sharp spines.


Message History

You slash the endoplasm!
You kill the endoplasm!
An endoplasm comes into view.
Found a hide-covered altar of Uskayaw.
The endoplasm quivers.
You slash the endoplasm!
You kill the endoplasm!
Found Ozocubu's Autobiography.
A dart slug comes into view.
A gnoll comes into view. It is wielding a +0 club.
A gnoll comes into view. It is wielding a +0 flail.
The gnoll shouts!
You hear a shout!
A gnoll comes into view. It is wielding a +0 spear.
An endoplasm comes into view.
The dart slug launches a dart at you. The slug dart hits you.
The endoplasm quivers.
You open the door.
Found a faded altar of an unknown god.
There is an open door here.
You closely miss the gnoll. The gnoll is struck by your spines.
The gnoll completely misses you.
You slash the gnoll!
The gnoll is severely wounded.
The gnoll hits you from afar with a +0 spear.
The gnoll hits you with a +0 club! The gnoll is struck by your spines.
The gnoll closely misses you.
You slash the gnoll!
You kill the gnoll!
The gnoll hits you with a +0 flail!
The gnoll hits you from afar with a +0 spear.
* * * LOW HITPOINT WARNING * * *
Things that are here:
a +0 club; a gnoll corpse You closely miss the gnoll.
The gnoll barely misses you. The gnoll misses you.
The gnoll is struck by your spines. The gnoll misses you.
You slash the gnoll!
The gnoll is severely wounded.
The gnoll misses you. The gnoll hits you with a +0 flail!
You die...

#####.w.g.# ######w###
.# .###.......# ..#
.........g.###.+#
#..........J#.....
####.............#####
#................#8.8#
#.(.......)...8###...###
.............wgg@.._...+
†..# ###......8###...###
...#####.........#8.8#
...'...........#.#####
...###########.#... ...#
#.# ### ...# #.# ####
#.# ## ###### #.


You could see 2 gnolls and a dart slug.

Vanquished Creatures
  A gnoll (D:2)
  2 adders (D:2)
  6 endoplasms
  A giant cockroach (D:1)
  5 hobgoblins (D:1)
  3 kobolds (D:1)
  2 ball pythons (D:1)
  4 bats
  4 frilled lizards (D:1)
  5 rats
33 creatures vanquished.

Notes
Turn   | Place    | Note
-------+----------+-------------------------------------------
     0 | D:1      | Sabo the Demonspawn Gladiator began the quest for the Orb.
     0 | D:1      | Reached XP level 1. HP: 16/16 MP: 1/1
   470 | D:1      | Gained mutation: You are partially covered in sharp spines.
                  | [demonic ancestry]
   470 | D:1      | Reached XP level 2. HP: 16/22 MP: 2/2
  1434 | D:2      | Gained mutation: You are partially covered in thin metallic
                  | scales. (AC +2) [demonic ancestry]
  1434 | D:2      | Reached XP level 3. HP: 21/27 MP: 3/3
  1675 | D:2      | Found a hide-covered altar of Uskayaw.
  1694 | D:2      | Found a faded altar of an unknown god.
  1705 | D:2      | Slain by a gnoll

Illustrated notes

Levels and vault maps discovered:
D:1:      evilmike_arrival_hilbert_curve, layout_loops_ring
D:2:      layout_basic, dreamdust_ecumenical_altar_angels_and_demons,
          basic_altar

Skill      XL: |  1  2 |
---------------+-------+-----
Dodging        | 3 |  3.2
Axes           | 3 |  3.6
Fighting       | |  2.2
Throwing       | |  1.8
Armour         | |  0.5
Stealth        | |  0.2

Action                   || total
-------------------------++-------
Melee: War axe           ||    70
  Use: Scroll            ||     2
Armor: Leather armour    ||    19
Dodge: Dodged            ||    46

Table legend: (Time is in decaauts)
 A = Elapsed time spent in this place.
 B = Non-inter-level travel time spent in this place.
 C = Inter-level travel time spent in this place.
 D = Time resting spent in this place.
 E = Time spent auto-exploring this place.
 F = Levels seen in this place.
 G = Mean time per level.
                   A        B        C        D        E       F      G
               +--------+--------+--------+--------+--------+-----+--------+
         Total |   1728 |   1728 |      0 |    530 |      0 |   2 |  864.0 |
       Dungeon |   1728 |   1728 |      0 |    530 |      0 |   2 |  864.0 |
               +--------+--------+--------+--------+--------+-----+--------+

Top non-repeatable levels by time:
     D:1: 1248 daAuts
     D:2: 480 daAuts
